 Dungeon Crawl Stone Soup version 0.16.2-12-gd0ad4c3 (webtiles) character file.

342 faibistes the Magician (level 6, -9/33 HPs)
             Began as a Deep Elf Wizard on Oct 12, 2018.
             Killed by divine providence
             ... invoked by an orc priest
              (12 damage)
             ... on level 4 of the Dungeon.
             The game lasted 00:15:34 (4441 turns).

faibistes the Magician (Deep Elf Wizard)            Turns: 4441, Time: 00:15:35

Health: -9/33      AC:  4    Str:  4    XL:     6   Next: 30%
Magic:  22/22      EV: 14    Int: 25    God:
Gold:   181        SH:  0    Dex: 13    Spells: 6 memorised, 5 levels left

rFire  . . .     SeeInvis .     e - +0 short sword
rCold  . . .     Clarity  .     a - +0 robe
rNeg   + . .     SustAb   .     (no shield)
rPois  .         Gourm    .     b - +1 hat
rElec  .         Spirit   .     (no cloak)
rCorr  .         Warding  +     (no gloves)
rMut   .         Stasis   .     u - +0 pair of boots
MR     .....                    q - amulet of warding
Stlth  ++........               (no ring)
                                (no ring)

@: repel missiles, not resistant to hostile enchantments, unstealthy
A: no striking features
a: no special abilities


You were on level 4 of the Dungeon.
You were not hungry.

You visited 1 branch of the dungeon, and saw 4 of its levels.

You collected 181 gold pieces.

Inventory:

Hand weapons
 e - a +0 short sword (weapon)
Armour
 a - a +0 robe (worn)
 b - a +1 hat (worn)
 u - a +0 pair of boots (worn)
Jewellery
 q - an amulet of warding (around neck)
Magical devices
 p - a wand of polymorph (9)
Scrolls
 i - a scroll of identify {unknown}
 k - a scroll of teleportation {unknown}
 m - a scroll of recharging {unknown}
 r - a scroll of fear {unknown}
 s - a scroll of remove curse
 v - a scroll of immolation {unknown}
 w - a scroll of enchant weapon {unknown}
Potions
 h - 3 potions of heal wounds {unknown}
 j - a potion of might {unknown}
 l - a potion of degeneration {unknown}
 n - a potion of cure mutation {unknown}
 x - a potion of poison {unknown}
Books
 c - a book of Minor Magic

   Spells                             Type                      Level
   a - Magic Dart                     Conjuration                  1
   b - Blink                          Translocation                2
   c - Call Imp                       Summoning                    2
   d - Repel Missiles                 Charms/Air                   2
   e - Slow                           Hexes                        2
   f - Conjure Flame                  Conjuration/Fire             3
   g - Mephitic Cloud                 Conjuration/Poison/Air       3
 o - a book of Enchantments

   Spells                             Type                      Level
   a - Tukima's Dance                 Hexes                        3
   b - Cause Fear                     Hexes                        4
   c - Silence                        Hexes/Air                    5
   d - Deflect Missiles               Charms/Air                   6
   e - Haste                          Charms                       6
   f - Discord                        Hexes                        8
Comestibles
 d - a bread ration
 g - 4 meat rations
 t - a beef jerky


   Skills:
 * Level 0.7 Fighting
 + Level 4.2 Dodging
 - Level 2.4 Stealth
 * Level 6.7 Spellcasting
 - Level 3.7 Conjurations
 - Level 2.3 Summonings
 - Level 1.1 Translocations
 + Level 0.5 Evocations


You had 5 spell levels left.
You knew the following spells:

 Your Spells              Type           Power        Failure   Level  Hunger
a - Magic Dart            Conj           ####         1%          1    None
b - Conjure Flame         Conj/Fire      ###.....     12%         3    None
c - Call Imp              Summ           ###.....     4%          2    None
d - Blink                 Tloc           N/A          10%         2    None
e - Mephitic Cloud        Conj/Pois/Air  ##......     14%         3    None
f - Repel Missiles        Chrm/Air       #.....       12%         2    None


Dungeon Overview and Level Annotations

Branches:
Dungeon (4/15)
 Temple: D:4-7

Altars:


Message History

Aim: a bat (resting)
The magic dart hits the bat.
You kill the bat!
You are feeling very hungry.
There is an open door here.
You see here a bat corpse.
You butcher the bat corpse.
The orc priest shouts!
The orc priest calls down the wrath of Beogh upon you.
Something smites you!
You see here a chunk of flesh.
Eat a chunk of flesh? (ye/n/q/i?) This raw flesh tastes terrible.
The orc priest calls down the wrath of Beogh upon you.
Something smites you!
* * * LOW HITPOINT WARNING * * *
You continue eating.
The orc priest mumbles some strange prayers to Beogh against you.
Something smites you!
You die...

####+##......#
+......# #......#
#......#
#......##### #
#......#...## ...
#......'....#....
#......#....'....#
+......#.@..#....
#......#....#
#......#.####
.....###.# ....#
..# ... ...# ...'
+..o# '


You could see an orc priest.

Vanquished Creatures
  Sigmund (D:3)
  4 orc wizards
  A worker ant (D:3)
  Robin (D:3)
  An adder (D:3)
  A giant mite (D:2)
  4 worms
  5 giant geckos
  9 orcs
  3 ball pythons
  A bat skeleton (D:4)
  7 giant cockroaches
  10 goblins
  12 hobgoblins
  5 kobolds
  A quokka (D:2)
  11 bats
  3 giant newts
  8 rats
88 creatures vanquished.

Vanquished Creatures (collateral kills)
  2 orcs (D:3)
  3 goblins (D:3)
  2 hobgoblins (D:3)
  A giant newt (D:3)
  A kobold (D:3)
9 creatures vanquished.

Grand Total: 97 creatures vanquished

Notes
Turn   | Place    | Note
--------------------------------------------------------------
     0 | D:1      | faibistes, the Deep Elf Wizard, began the quest for the Orb.
     0 | D:1      | Reached XP level 1. HP: 10/10 MP: 6/6
   217 | D:1      | Reached XP level 2. HP: 15/15 MP: 6/9
   221 | D:1      | Learned a level 2 spell: Blink
   224 | D:1      | Learned a level 2 spell: Call Imp
   993 | D:3      | Reached XP level 3. HP: 19/19 MP: 7/13
   995 | D:3      | Reached skill level 5 in Spellcasting
  1110 | D:3      | Learned a level 3 spell: Conjure Flame
  1114 | D:3      | Learned a level 3 spell: Mephitic Cloud
  1562 | D:4      | Reached XP level 4. HP: 24/24 MP: 1/17
  1586 | D:3      | Learned a level 2 spell: Repel Missiles
  1806 | D:2      | Noticed Robin
  1974 | D:3      | Killed Robin
  2717 | D:2      | Reached XP level 5. HP: 28/28 MP: 13/20
  3216 | D:3      | Reached skill level 6 in Spellcasting
  3396 | D:3      | Noticed Sigmund
  3410 | D:3      | Killed Sigmund
  3410 | D:3      | Reached XP level 6. HP: 17/32 MP: 10/22
  4441 | D:4      | Killed from afar by an orc priest

Action                   |  1- 3 |  4- 6 || total
-------------------------+-------+-------++-------
Melee: Short sword       |     6 |    40 ||    46
 Cast: Magic Dart        |   106 |   120 ||   226
       Mephitic Cloud    |     5 |    18 ||    23
       Call Imp          |     1 |     7 ||     8
       Blink             |     1 |     7 ||     8
       Repel Missiles    |       |     1 ||     1
       Conjure Flame     |       |     1 ||     1
  Use: Scroll            |       |     2 ||     2
 Stab: Confused          |       |     4 ||     4
  Eat: Chunk             |     2 |     9 ||    11
